 Dungeon Crawl Stone Soup version 0.19-a0-1905-ge8b2aad (webtiles) character file.

394 Grim the Twirler (level 6, -4/44 HPs)
             Began as a Mummy Gladiator on Oct 21, 2016.
             Was an Initiate of Gozag.
             Killed by divine providence
             ... invoked by an orc priest
              (13 damage)
             ... on level 3 of the Dungeon.
             The game lasted 00:06:10 (3904 turns).

Grim the Twirler (Mummy Gladiator)                  Turns: 3904, Time: 00:06:10

Health: -4/44      AC:  6    Str: 18    XL:     6   Next: 52%
Magic:  6/6        EV: 11    Int:  8    God:    Gozag
Gold:   176        SH:  0    Dex: 14    Spells: 0 memorised, 5 levels left

rFire  x . .     SeeInvis .     a - +1 quarterstaff
rCold  + . .     Gourm    .     m - +0 ring mail
rNeg   + + +     Faith    .     (shield currently unavailable)
rPois  ∞         Spirit   .     c - +0 helmet
rElec  .         Reflect  .     (no cloak)
rCorr  .         Harm     .     (no gloves)
MR     .....                    (no boots)
Stlth  ..........               (no amulet)
                                (no ring)
                                f - ring of loudness (curse)

@: no status effects
A: no food or potions, fire vulnerability, cold resistance 1, negative energy
resistance 3, torment resistance, unbreathing
a: Potion Petition, Call Merchant, Bribe Branch, Renounce Religion


You were on level 3 of the Dungeon.
You worshipped Gozag.
Gozag was aware of your devotion.
You were not hungry.

You visited 1 branch of the dungeon, and saw 3 of its levels.

You collected 250 gold pieces.
You paid 74 gold pieces to Gozag.

Inventory:

Hand Weapons
 a - a +1 quarterstaff (weapon)
Missiles
 d - 3 throwing nets (quivered)
 l - 5 tomahawks of returning
Armour
 c - a +0 helmet (worn)
 m - a +0 ring mail (worn)
Jewellery
 f - a cursed ring of loudness (left hand)
 g - an uncursed ring of protection from fire {unknown}
 h - an uncursed amulet of magic regeneration {unknown}
Scrolls
 b - a scroll of enchant weapon
 e - a scroll of teleportation


   Skills:
 - Level 2.0 Fighting
 + Level 6.2 Staves
 - Level 1.5 Throwing
 - Level 2.4 Dodging


You had 5 spell levels left.
You didn't know any spells.

Dungeon Overview and Level Annotations

Branches:
Dungeon (3/15)

Altars:
Gozag
Hepliaklqana
Ru
Yredelemnul
Zin
The Shining One

Annotations:
D:3 Robin


Innate Abilities, Weirdness & Mutations

You do not eat or drink.
Your flesh is vulnerable to fire.
You are immune to poison.
Your flesh is cold resistant. (rC+)
You are immune to negative energy. (rN+++)
You are immune to unholy pain and torment.
You can survive without breathing.


Message History

There is an open door here.
You close the door.
You start resting.
An orc priest opens the door.
It is wielding a club.
The orc shouts!
The orc priest invokes the aid of Beogh against you.
You are unaffected.
There is an open door here.
You are too injured to fight recklessly!
You hit the orc priest but do no damage.
The orc priest hits you but does no damage.
You hit the orc priest.
The orc priest is moderately wounded.
The orc priest casts a cantrip, but nothing happens.
You sock the orc priest!
The orc priest is severely wounded.
The orc priest calls down the wrath of Beogh upon you.
Beogh smites you!
You die...
Your body crumbles into a pile of gold.

# ## .#### #########
....## #........
.##..############........
_###[._#........#........
###..###.......[@........
....##...######o#........
######...# #o#........
#........# ####'#########
#........# #.....#
.........# #....?#
..(......# #.....#
.........# #....!#
.....(...# #.$...#


You could see an orc priest and an orc.

Vanquished Creatures
  The ghost of GordonOverkill the Chopper, an amateur HOMo (D:3)
  An orc priest (D:3)
  Ijyb (D:3)
  Terence (D:3)
  Natasha (D:3)
  2 orc wizards
  7 adders
  2 worms (D:2)
  4 dart slugs
  2 leopard geckos (D:3)
  8 orcs
  2 giant cockroaches (D:3)
  8 goblins
  10 hobgoblins
  7 kobolds
  A quokka (D:3)
  A ball python (D:2)
  8 bats
  5 frilled lizards
  5 rats
77 creatures vanquished.

Vanquished Creatures (others)
  A rat (D:3)
1 creature vanquished.

Grand Total: 78 creatures vanquished

Notes
Turn   | Place    | Note
-------+----------+-------------------------------------------
     0 | D:1      | Grim the Mummy Gladiator began the quest for the Orb.
     0 | D:1      | Reached XP level 1. HP: 16/16 MP: 1/1
   390 | D:1      | Reached XP level 2. HP: 22/22 MP: 2/2
   403 | D:1      | Reached skill level 3 in Staves
   905 | D:2      | Reached XP level 3. HP: 25/27 MP: 3/3
  1653 | D:2      | Reached skill level 4 in Staves
  1786 | D:2      | Reached XP level 4. HP: 26/33 MP: 4/4
  1966 | D:3      | Found a glowing golden altar of the Shining One.
  1992 | D:3      | Noticed Ijyb
  1996 | D:3      | Noticed GordonOverkill's ghost (amateur HOMo)
  2001 | D:3      | Killed Ijyb
  2009 | D:3      | Killed GordonOverkill's ghost
  2009 | D:3      | Reached skill level 5 in Staves
  2009 | D:3      | Reached XP level 5. HP: 23/38 MP: 5/5
  2361 | D:3      | Noticed Terence
  2376 | D:3      | Killed Terence
  3239 | D:2      | Reached XP level 6. HP: 39/44 MP: 6/6
  3434 | D:3      | Noticed Natasha
  3451 | D:3      | Killed Natasha
  3455 | D:3      | Reached skill level 6 in Staves
  3472 | D:3      | Noticed Robin
  3493 | D:3      | Found a glowing silver altar of Zin.
  3493 | D:3      | Found an opulent altar of Gozag.
  3714 | D:3      | Found a sacrificial altar of Ru.
  3719 | D:3      | Found a basalt altar of Yredelemnul.
  3722 | D:3      | Found a hazy altar of Hepliaklqana.
  3732 | D:3      | Became a worshipper of Gozag Ym Sagoz the Greedy
  3904 | D:3      | Killed from afar by an orc priest

Vault maps used:
D:1:      wheals_arrival_shading
D:3:      chequers_temple_overflow_minitemple, tso_altar, first_bread,
          uniq_terence, uniq_iyjb, uniq_robin, uniq_natasha

Skill      XL: |  1  2  3  4  5  6 |
---------------+-------------------+-----
Staves         | 3 4 5 6 |  6.2
Fighting       | |  2.0
Throwing       | |  1.5
Dodging        | |  2.4

Action                   |  1- 3 |  4- 6 || total
-------------------------+-------+-------++-------
Melee: Quarterstaff      |   110 |   167 ||   277
  Use: Scroll            |     2 |     4 ||     6
Armor: Leather armour    |    23 |    40 ||    63
       Ring mail         |       |    23 ||    23
Dodge: Dodged            |    66 |   118 ||   184
